 Dungeon Crawl Stone Soup version 0.25.1-2-g60ff931df9 (webtiles) character file.

Game seed: 4295680770968276389

28393 H0rd4k the Eclecticist (level 13, -13/63 HPs)
             Began as a Deep Elf Wizard on Nov 12, 2020.
             Was an Initiate of Gozag.
             Killed by an exploding fulminant prism (38 damage)
             ... created by the player character
             ... on level 6 of the Lair of Beasts on Nov 13, 2020.
             The game lasted 01:05:10 (23300 turns).

H0rd4k the Eclecticist (Deep Elf Wizard)           Turns: 23300, Time: 01:05:12

Health: -13/63     AC:  5    Str:  4    XL:     13   Next: 9%
Magic:  22/36      EV: 15    Int: 33    God:    Gozag
Gold:   1508       SH:  0    Dex: 13    Spells: 25/47 levels left

rFire    + + +     SeeInvis .   R - +7 long sword of Responsibility {elec, rF+ Int+4}
rCold    . . .     Gourm    .   (no shield)
rNeg     + . .     Faith    .   C - +2 robe {rN+}
rPois    .         Spirit   .   b - +1 hat
rElec    .         Reflect  .   h - scarf {rC+ rF+}
rCorr    .         Harm     .   (no gloves)
MR       +....                  (no boots)
Stlth    +++.......             G - amulet of magic regeneration
HPRegen  0.20/turn              j - ring of wizardry
MPRegen  0.50/turn              p - ring of fire

@: lethally poisoned (-13 -> -19), gold aura, studying Hexes
A: no striking features
a: Potion Petition, Call Merchant, Bribe Branch, Renounce Religion


You were on level 6 of the Lair of Beasts.
You worshipped Gozag.
Gozag was most pleased with you.
You were not hungry.

You visited 3 branches of the dungeon, and saw 17 of its levels.

You collected 3234 gold pieces.
You spent 1080 gold pieces at shops.
You paid 646 gold pieces to Gozag.

Inventory:

Hand Weapons
 v - a cursed -2 hunting sling
 H - the cursed +2 falchion of Ascent {vorpal, +Blink +Rage}
   (You found it on level 7 of the Dungeon)

   It inflicts extra damage upon your enemies.
   It lets you blink.
   It lets you go berserk.
   It has a curse placed upon it.
 R - the +7 long sword of Responsibility (weapon) {elec, rF+ Int+4}
   (You found it on level 2 of the Lair of Beasts)

   Occasionally, upon striking a foe, it will discharge some electrical energy
   and cause terrible harm.
   It affects your intelligence (+4).
   It protects you from fire.
Missiles
 k - 11 curare-tipped darts (quivered)
 D - 5 boomerangs of dispersal
Armour
 a - a +0 robe
 b - a +1 hat (worn)
 h - a scarf of resistance (worn)
 C - a +2 robe of positive energy (worn)
Magical Staves
 U - an uncursed staff of poison
 V - an uncursed staff of conjuration
Jewellery
 i - an uncursed amulet of regeneration
 j - a ring of wizardry (left hand)
 p - a ring of fire (right hand)
 A - an uncursed ring of poison resistance
 G - an amulet of magic regeneration (around neck)
Wands
 y - a wand of random effects (9)
 B - a wand of disintegration (19)
 I - a wand of clouds (2)
 O - a wand of enslavement (7)
 S - a wand of polymorph (16)
Scrolls
 e - 2 scrolls of amnesia {unknown}
 g - 9 scrolls of teleportation
 o - 2 scrolls of random uselessness
 q - 3 scrolls of magic mapping
 s - 4 scrolls of enchant weapon {unknown}
 t - 7 scrolls of enchant armour
 u - 2 scrolls of remove curse
 w - 3 scrolls of fog {unknown}
 F - a scroll of acquirement {unknown}
 J - a scroll of brand weapon {unknown}
 M - 3 scrolls of fear {unknown}
 N - 2 scrolls of identify
 P - 3 scrolls of blinking {unknown}
 T - a scroll of noise {unknown}
 W - a scroll of vulnerability {unknown}
Potions
 c - 2 potions of berserk rage
 l - 6 potions of lignification
 m - 2 potions of mutation
 n - 2 potions of degeneration {unknown}
 r - a potion of invisibility
 x - 2 potions of might
 z - a potion of stabbing
 E - a potion of magic
 K - 2 potions of curing
 L - 2 potions of flight {unknown}
Books
 Q - a manual of Hexes
Comestibles
 d - 16 rations


   Skills:
 + Level 2.1 Long Blades
 + Level 6.4 Dodging
 + Level 5.1 Stealth
 + Level 17.8 Spellcasting
 + Level 12.2 Conjurations
 + Level 3.8 Hexes
   Level 1.1 Summonings
 * Level 9.5 Translocations
 - Level 4.4 Fire Magic
 - Level 3.7 Air Magic
 + Level 3.0 Poison Magic
 + Level 2.1 Evocations


You had 25 spell levels left.
You knew the following spells:

 Your Spells              Type           Power        Failure   Level  Hunger
a - Magic Dart            Conj           ####         0%          1    None
b - Blink                 Tloc           N/A          1%          2    None
c - Conjure Flame         Conj/Fire      #######.     1%          3    None
d - Mephitic Cloud        Conj/Pois/Air  ######..     1%          3    None
e - Gell's Gravitas       Tloc           #######...   1%          3    None
f - Fulminant Prism       Conj/Hex       ######....   1%          4    None
g - Dispersal             Tloc           #######...   1%          6    None

Your spell library contained the following spells:

 Spells                   Type           Power        Failure   Level  Hunger
 Searing Ray              Conj           ######       0%          2    None
 Animate Skeleton         Necr           N/A          1%          1    None
 Apportation              Tloc           ######       1%          1    None
 Corona                   Hex            ######.      1%          1    None
 Pain                     Necr           ####         1%          1    None
 Summon Small Mammal      Summ           ####         1%          1    None
 Call Imp                 Summ           #####...     1%          2    None
 Slow                     Hex            ######..     1%          2    None
 Dazzling Flash           Conj/Hex       ######       1%          3    None
 Portal Projectile        Hex/Tloc       ######       1%          3    None
 Vampiric Draining        Necr           ####......   1%          3    None
 Iskenderun's Mystic Bla  Conj/Tloc      #######.     1%          4    None
 Animate Dead             Necr           N/A          5%          4    None
 Agony                    Necr           ####....     14%         5    None
 Controlled Blink         Tloc           N/A          52%         8    #####..
 Disjunction              Tloc           #######...   52%         8    #####..


Dungeon Overview and Level Annotations

Branches:
Dungeon (10/15)            Temple (1/1) D:6            Lair (6/6) D:9
  Swamp (0/4) Lair:4        Snake (0/4) Lair:3        Slime (0/5) Lair:5
    Orc: D:9-12

Altars:
Ashenzari
Gozag
Hepliaklqana
Makhleb
Nemelex Xobeh
Okawaru
Qazlal
Uskayaw
Wu Jian
Xom
Yredelemnul
The Shining One

Shops:
D:9 :}

Annotations:
D:9 exclusion: downstairs
Lair:2 exclusion: 2 downstairs
Lair:3 1 runed translucent door, exclusions: 2 dire elephants and door
Lair:5 exclusion: catoblepas


Message History

Confirm with . or Enter, or press ? or * to list all spells.
Aiming: Gell's Gravitas (safe; 1% risk of failure)
Press: ? - help, Dir - move target cursor Gravity reorients around empty space.
The hippogriff collides with the black mamba!
You kill the hippogriff!
You feel sick. The black mamba bites you!
Your fulminant prism crackles loudly.
Casting: Gell's Gravitas (safe; 1% risk of failure)
Confirm with . or Enter, or press ? or * to list all spells.
Aiming: Magic Dart (safe; 0% risk of failure)
Press: ? - help, Shift-Dir - straight line The magic dart hits the black mamba.
You kill the black mamba!
You feel sick.
Your fulminant prism explodes!
The blast of energy engulfs you!!!
Ouch! That really hurt!
You die...
Your body crumbles into a pile of gold.

## #.## ### ### ####.
...######.####.#####P#..##
.......P...##.....PP......
.................P.PP.....
.#............#...PP....#.
P#....P................(..
P...........PPP...P.....P.
................@P......#.
.............P#.$.........
........P.#...........P.P.
.................$....P...
.............#............
.............##......<#...
..............#...$$......
...#.........$.%..........
.P.#.........#...$........


There were no monsters in sight!

Vanquished Creatures
  A catoblepas (Lair:5)
  3 hydras
  A queen ant (Lair:3)
  4 death yaks (Lair:4)
  A fire crab (Lair:3)
  5 black mambas
  3 elephants (Lair:3)
  5 spiny frogs
  A rime drake (Lair:4)
  7 komodo dragons
  A polar bear (Lair:2)
  10 blink frogs
  2 slime creatures (Lair:5)
  4 hippogriffs
  Sigmund (D:5)
  A spriggan (Lair:2)
  A basilisk (Lair:5)
  17 yaks
  20 soldier ants
  12 water moccasins
  10 porcupines
  Edmund (D:4)
  2 phantoms (D:9)
  3 orc warriors (D:8)
  A black bear (Lair:2)
  3 ogres (D:8)
  4 sky beasts
  An eye of draining (D:9)
  3 centaurs
  9 wolves
  10 crocodiles
  8 bullfrogs
  A gnoll sergeant (D:8)
  A wyvern skeleton (D:6)
  A water moccasin skeleton (D:5)
  3 scorpions
  2 electric eels
  A howler monkey (D:6)
  A crimson imp (D:5)
  6 jellies
  A quasit (D:5)
  3 gnoll shamans (D:8)
  9 hounds
  4 orc priests
  A centaur skeleton (D:4)
  Ijyb (D:5)
  3 iguanas (D:9)
  7 orc wizards
  23 worker ants
  A hound skeleton (D:9)
  A worker ant zombie (D:7)
  9 gnolls
  6 adders
  2 oozes
  An adder zombie (D:8)
  5 worms
  2 dart slugs (D:1)
  4 leopard geckos
  20 orcs
  7 ball pythons
  5 bats
  7 giant cockroaches
  6 goblins
  17 hobgoblins
  4 jackals
  4 quokkas
  7 frilled lizards
  A giant cockroach zombie (D:5)
  A jackal skeleton (D:6)
  9 kobolds
  A leopard gecko skeleton (D:6)
  A leopard gecko zombie (D:5)
  A quokka skeleton (D:4)
  A quokka zombie (D:5)
  3 rats
349 creatures vanquished.

Vanquished Creatures (others)
  24 fulminant prisms
  9 fungi
  15 plants
  7 toadstools (Lair:3)
55 creatures vanquished.

Grand Total: 404 creatures vanquished

Notes
Turn   | Place    | Note
-------+----------+-------------------------------------------
     0 | D:1      | H0rd4k the Deep Elf Wizard began the quest for the Orb.
     0 | D:1      | Reached XP level 1. HP: 10/10 MP: 7/7
   298 | D:1      | Reached skill level 5 in Spellcasting
   298 | D:1      | Reached XP level 2. HP: 13/15 MP: 0/10
  1216 | D:1      | Reached XP level 3. HP: 19/19 MP: 6/12
  1220 | D:1      | Learned a level 2 spell: Blink
  1224 | D:1      | Learned a level 3 spell: Conjure Flame
  1228 | D:1      | Learned a level 3 spell: Mephitic Cloud
  2378 | D:2      | Reached skill level 1 in Poison Magic
  2396 | D:2      | Reached skill level 6 in Spellcasting
  2396 | D:2      | Reached XP level 4. HP: 24/24 MP: 8/14
  3602 | D:4      | Reached XP level 5. HP: 28/28 MP: 5/15
  3633 | D:4      | Reached skill level 1 in Fire Magic
  3633 | D:4      | Reached skill level 1 in Air Magic
  4251 | D:4      | Reached skill level 7 in Spellcasting
  4310 | D:4      | Noticed Edmund
  4348 | D:4      | Killed Edmund
  4348 | D:4      | Reached XP level 6. HP: 32/32 MP: 1/18
  4900 | D:5      | Entered Level 5 of the Dungeon
  4918 | D:5      | Reached XP level 7. HP: 36/36 MP: 15/20
  4955 | D:5      | Noticed Ijyb
  4964 | D:5      | Killed Ijyb
  5491 | D:5      | Reached skill level 8 in Spellcasting
  6213 | D:5      | Noticed Sigmund
  6396 | D:5      | Killed Sigmund
  6396 | D:5      | Reached skill level 5 in Conjurations
  6396 | D:5      | Reached XP level 8. HP: 29/41 MP: 11/22
  6554 | D:5      | Found a hazy altar of Hepliaklqana.
  6733 | D:6      | Reached skill level 9 in Spellcasting
  6822 | D:6      | Found a staircase to the Ecumenical Temple.
  6843 | Temple   | Entered the Ecumenical Temple
  6854 | Temple   | Became a worshipper of Gozag Ym Sagoz the Greedy
  7406 | D:7      | Noticed a hippogriff
  7422 | D:7      | Killed a hippogriff
  7828 | D:7      | Got an iridescent falchion
  8008 | D:7      | Reached skill level 10 in Spellcasting
  8044 | D:7      | Identified the cursed +2 falchion of Ascent {vorpal, +Blink
                  | +Rage} (You found it on level 7 of the Dungeon)
  8156 | D:8      | Reached XP level 9. HP: 25/45 MP: 14/25
  8489 | D:8      | Found a stormy altar of Qazlal.
  8585 | D:8      | Reached skill level 11 in Spellcasting
 10027 | D:9      | Reached skill level 12 in Spellcasting
 10138 | D:9      | Found Fuwaf's Gadget Emporium.
 10343 | D:9      | Found a staircase to the Lair.
 10565 | D:9      | Noticed a komodo dragon
 10604 | D:9      | Killed a komodo dragon
 11366 | D:10     | Entered Level 10 of the Dungeon
 11729 | Lair:1   | Entered Level 1 of the Lair of Beasts
 11741 | Lair:1   | Reached XP level 10. HP: 50/50 MP: 20/28
 11807 | Lair:1   | Reached skill level 13 in Spellcasting
 12340 | Lair:1   | Noticed a four-headed hydra
 12958 | Lair:1   | Killed a four-headed hydra
 12958 | Lair:1   | Reached skill level 5 in Dodging
 12958 | Lair:1   | Reached skill level 14 in Spellcasting
 12958 | Lair:1   | Reached skill level 10 in Conjurations
 14490 | Lair:2   | Noticed a spiny frog
 14497 | Lair:2   | Killed a spiny frog
 14497 | Lair:2   | Reached XP level 11. HP: 34/54 MP: 26/31
 14833 | Lair:2   | Got an iridescent long sword
 14841 | Lair:2   | Identified the +7 long sword of Responsibility {elec, rF+
                  | Int+4} (You found it on level 2 of the Lair of Beasts)
 15526 | Lair:2   | Reached skill level 1 in Long Blades
 16162 | D:9      | Bought a book of the Warp for 1080 gold pieces
 16166 | D:9      | Learned a level 3 spell: Gell's Gravitas
 16549 | Lair:3   | Found a staircase to the Snake Pit.
 16682 | Lair:3   | Reached skill level 15 in Spellcasting
 16689 | Lair:3   | Reached skill level 5 in Stealth
 17266 | Lair:3   | Noticed a fire crab
 17357 | Lair:4   | Reached skill level 5 in Translocations
 17523 | Lair:4   | Found a staircase to the Swamp.
 18075 | Lair:3   | Killed a fire crab
 18075 | Lair:3   | Reached skill level 1 in Evocations
 18758 | Lair:3   | Reached skill level 16 in Spellcasting
 18791 | Lair:3   | Noticed a queen ant
 18865 | Lair:3   | Reached XP level 12. HP: 59/59 MP: 28/34
 19177 | Lair:3   | Learned a level 4 spell: Fulminant Prism
 19360 | Lair:3   | Noticed a dire elephant
 19360 | Lair:3   | Noticed a dire elephant
 19380 | Lair:3   | Found a runed translucent door.
 19557 | Lair:3   | Killed a queen ant
 20282 | Lair:4   | Noticed a four-headed hydra
 20379 | Lair:4   | Noticed a death yak
 20395 | Lair:4   | Noticed a death yak
 20397 | Lair:4   | Noticed a death yak
 20398 | Lair:4   | Noticed a death yak
 20403 | Lair:4   | Killed a death yak
 20404 | Lair:4   | Killed a death yak
 20409 | Lair:4   | Killed a death yak
 20411 | Lair:4   | Killed a death yak
 20419 | Lair:4   | Learned a level 6 spell: Dispersal
 20980 | Lair:4   | Reached skill level 17 in Spellcasting
 21115 | Lair:4   | Killed a four-headed hydra
 21115 | Lair:4   | Reached skill level 1 in Hexes
 21315 | Lair:5   | Noticed a five-headed hydra
 22081 | Lair:5   | Noticed a catoblepas
 22349 | Lair:5   | Killed a catoblepas
 22577 | Lair:5   | Found a staircase to the Slime Pits.
 22797 | Lair:5   | Killed a five-headed hydra
 22960 | Lair:6   | Entered Level 6 of the Lair of Beasts
 23172 | Lair:6   | Reached XP level 13. HP: 62/63 MP: 11/36
 23300 | Lair:6   | Killed by an exploding fulminant prism

Illustrated notes

Levels and vault maps discovered:
D:1:      scummos_arrival_star, layout_loops_ring
D:2:      minmay_inner_zag, layout_basic
D:3:      layout_loops_cross
D:4:      layout_loops_ring, first_ration, uniq_edmund
D:5:      layout_layer_cave, nicolae_overflow_hidden_temple, minmay_pentangle,
          uniq_ijyb, uniq_sigmund
D:6:      layout_cave_pools, temple_pool_b, kennysheep_nondescript
D:7:      layout_basic
D:8:      kennysheep_housing_project, layout_basic, basic_altar
D:9:      layout_layer_cave, david_lair_shrubbed, serial_shops, shop
D:10:     layout_stronghold, hangedman_ranch [blue_anna_fruit_fields],
          grunt_qazlal_clouds
Temple:   grunt_wide_crystal_templ
Lair:1:   layout_small_grid, serial_bayou_shore_a, grunt_megastairs_2
Lair:2:   layout_cave_pods, serial_bayou, serial_bayou_pond_e,
          serial_bayou_pond_c, serial_bayou_lagoon_a, serial_bayou_shore_b,
          grunt_forest_stairs_clearing
Lair:3:   gammafunk_lair_enchanted_lake, layout_misc_corridors,
          minmay_snake_entry_six_corridors, chequers_serial_rivers_room_b,
          small_statue_intersection, minivault_29
Lair:4:   layout_big_grid, swamp_mist, grunt_megastairs_1
Lair:5:   layout_gridlike, minmay_slime_entry_pillars
Lair:6:   hangedman_lair_in_review, layout_long_grid

Skill      XL: |  1  2  3  4  5  6  7  8  9 10 11 12 |
---------------+-------------------------------------+-----
Spellcasting   | 5 6 7 8 10 12 14 16 17 | 17.8
Poison Magic   | 1 2 3 |  3.0
Conjurations   | 2 3 5 6 8 10 11 12 | 12.2
Stealth        | 3 4 5 |  5.1
Fire Magic     | 1 3 4 |  4.4
Air Magic      | 1 2 3 |  3.7
Dodging        | 3 5 6 |  6.4
Translocations | 3 6 9 |  9.5
Long Blades    | 1 2 |  2.1
Evocations     | 1 2 |  2.1
Hexes          | 3 |  3.8
Summonings     | |  1.1

Action                   |  1- 3 |  4- 6 |  7- 9 | 10-12 | 13-15 || total
-------------------------+-------+-------+-------+-------+-------++-------
Melee: Unarmed           |       |       |       |     1 |       ||     1
       Long sword        |       |       |       |     2 |       ||     2
 Cast: Magic Dart        |   143 |   132 |   499 |   641 |     6 ||  1421
       Conjure Flame     |       |     5 |    25 |    92 |     1 ||   123
       Mephitic Cloud    |       |     3 |    19 |    21 |       ||    43
       Blink             |       |       |    13 |    27 |       ||    40
       Gell's Gravitas   |       |       |       |    71 |     3 ||    74
       Fulminant Prism   |       |       |       |    21 |     4 ||    25
       Dispersal         |       |       |       |     2 |       ||     2
Invok: Call Merchant     |       |       |     1 |       |       ||     1
Evoke: Wand              |       |       |       |    28 |       ||    28
  Use: Scroll            |       |     3 |    13 |     4 |       ||    20
       Potion            |       |       |       |     8 |       ||     8
 Stab: Confused          |       |       |       |     1 |       ||     1
  Eat: Chunk             |     4 |     8 |     6 |       |       ||    18
       Ration            |       |       |     4 |    11 |       ||    15
Armor: Robe              |     3 |     2 |    21 |    31 |     1 ||    58
Dodge: Dodged            |    21 |    13 |    86 |   137 |     3 ||   260
       Rpst.: Long sword |       |       |       |    47 |     1 ||    48
